Map: Lerilak Crest

Players

MorN - Winner!

  • Race: Terran Terran
  • League: Master

KingCello

  • Race: Zerg Zerg
  • League: Platinum

VOD

Have the link to the VOD?

Description

Time

  • Played on: Nov. 29, 2015, 6:57 p.m.
  • Length: 10:02
Show
View Real Time Build Order
Export as new Build Order

MorN Terran - Winner!

Build Orders: Reaper Expand, MMM Bio 

Get SALT Encoding   

  12  0:01  SCV  
  13  0:13  SCV  
  14  0:17  Supply Depot  
  14  0:25  SCV  
  15  0:39  SCV  
  15  0:40  Barracks  
  16  0:45  Refinery  
  16  0:51  SCV  
  17  1:03  SCV  
  18  1:15  SCV  
  19  1:27  Orbital Command  
  19  1:28  Reaper  
  20  1:40  Command Center  
  20  1:50  Supply Depot  
  20  1:54  SCV  
  20  2:00  Barracks Reactor  
  21  2:07  SCV  
  22  2:20  SCV  
  23  2:38  Marine x2  
  23  2:39  Factory  
  23  2:44  SCV  
  26  2:52  Orbital Command  
  26  2:58  Marine x2  
  27  3:04  SCV  
  29  3:07  Refinery  
  29  3:21  SCV x2  
  31  3:27  Starport  
  31  3:28  Barracks Tech Lab  
  31  3:33  SCV, Hellion x2  
  36  3:38  SCV  
  37  3:45  SCV  
  38  3:50  SCV, Stimpack  
  38  3:51  Command Center  
  39  3:56  Hellion x2  
  39  3:57  SCV  
  44  4:03  SCV  
  44  4:04  Supply Depot  
  44  4:06  Supply Depot  
  44  4:08  Liberator  
  44  4:09  SCV  
  46  4:25  Marine  
  46  4:26  Hellion x2  
  46  4:28  SCV x2  
  46  4:30  Supply Depot  
  56  4:32  Supply Depot  
  56  4:40  SCV x2  
  56  4:49  Hellion x2  
  56  4:52  SCV  
  61  4:53  Liberator  
  61  4:58  SCV  
  59  5:02  Engineering Bay  
  59  5:04  Supply Depot, SCV  
  59  5:05  Supply Depot, Engineering Bay  
  56  5:13  SCV  
  59  5:20  Barracks  
  59  5:22  Barracks  
  59  5:24  Orbital Command  
  59  5:25  SCV x2  
  59  5:27  Factory Reactor  
  54  5:39  Terran Infantry Armor Level 1  
  54  5:40  Terran Infantry Weapons Level 1  
  48  5:46  SCV  
  48  5:47  SCV  
  45  5:54  SCV  
  43  5:58  SCV, Marine  
  43  6:04  SCV  
  46  6:06  SCV  
  44  6:27  Marine x3  
  47  6:32  Orbital Command  
  47  6:33  Armory  
  47  6:34  Factory Reactor, Starport Reactor  
  47  6:36  Barracks  
  47  6:37  SCV x2, Barracks  
  50  6:42  Marine x2  
  50  6:45  Combat Shields, Marine x2  
  53  6:49  SCV x2, Refinery  
  53  6:50  Refinery  
  55  6:56  Marine  
  55  6:59  Marine x2  
  58  7:01  SCV  
  58  7:02  SCV  
  58  7:07  Marine  
  58  7:08  Marine  
  62  7:10  SCV  
  62  7:15  SCV x2  
  65  7:21  Marine x3, Medivac x2  
  72  7:25  Marine  
  72  7:26  Barracks Reactor x2  
  73  7:31  Marine  
  73  7:35  SCV x2  
  73  7:36  SCV  
  77  7:37  Terran Infantry Weapons Level 2  
  77  7:39  Marine x3  
  77  7:43  Marine  
  81  7:47  SCV  
  81  7:49  Marine  
  83  7:54  SCV x2  
  83  7:57  Marine x3  
  85  7:59  SCV  
  85  8:01  Marine  
  85  8:02  Marine  
  88  8:06  Barracks  
  88  8:07  Barracks x2  
  88  8:08  SCV x2, Terran Vehicle Weapons Level 1  
  88  8:11  SCV  
  91  8:14  Supply Depot x2, Marine x2  
  91  8:15  Supply Depot  
  93  8:28  Marine x7  
  93  8:30  Widow Mine x2, Medivac x2  
  93  8:32  Marine  
  109  8:35  Marine  
  110  8:45  Marine  
  110  8:46  Marine  
  110  8:48  Marine x4  
  110  8:49  Marine x2  
  110  8:54  Marine  
  113  8:55  Barracks Tech Lab  
  113  8:57  Barracks Tech Lab  
  113  8:58  Barracks Tech Lab  
  113  8:59  SCV  
  113  9:00  Widow Mine  
  113  9:01  Refinery, Widow Mine  
  117  9:02  Refinery  
  117  9:03  Marine x2, Medivac x2  
  117  9:07  Marauder  
  125  9:15  Marine x3  
  125  9:16  Marauder x2  
  131  9:19  Supply Depot  
  131  9:28  Marauder  
  131  9:29  Marine  
  131  9:30  Marine  
  132  9:34  Marauder  
  132  9:35  Marine  
  133  9:40  Supply Depot, Marine x2  
  133  9:41  Marauder x2  
  140  9:58  Command Center  
Show
View Real Time Build Order
Export as new Build Order

KingCello Zerg 

Build Orders: Hatch First 

Get SALT Encoding   

  12  0:00  Drone  
  13  0:09  Drone  
  14  0:16  Overlord  
  14  0:24  Extractor  
  14  0:25  Drone  
  15  0:35  Drone x2  
  17  0:44  Drone  
  18  0:59  Hatchery  
  17  1:11  Spawning Pool  
  17  1:13  Drone  
  17  1:18  Drone, Extractor  
  17  1:22  Drone  
  18  1:28  Drone  
  19  1:38  Overlord  
  19  1:48  Drone  
  20  1:59  Queen  
  22  2:02  Drone  
  23  2:15  Hatchery  
  22  2:19  Queen  
  22  2:22  Zergling x2  
  24  2:33  Extractor  
  23  2:46  Metabolic Boost  
  22  3:05  Drone x6  
  28  3:10  Drone, Overlord  
  28  3:12  Drone  
  30  3:27  Drone x3  
  33  3:46  Drone x3  
  33  3:47  Drone x6  
  42  3:51  Drone  
  42  3:54  Queen  
  44  4:13  Extractor  
  44  4:17  Extractor  
  41  4:18  Zergling x2  
  41  4:19  Roach Warren, Zergling x12  
  47  4:29  Spine Crawler  
  45  4:38  Spine Crawler  
  43  4:47  Zergling x2  
  43  4:48  Zergling x12  
  44  5:16  Queen  
  44  5:20  Extractor  
  45  5:21  Drone  
  45  5:22  Drone x2  
  45  5:23  Drone, Extractor  
  45  5:24  Overlord x3  
  46  5:41  Spore Crawler  
  39  5:44  Spore Crawler  
  39  5:45  Spore Crawler  
  33  5:50  Queen  
  33  5:52  Spore Crawler  
  33  6:04  Drone x12  
  33  6:09  Spore Crawler  
  33  6:11  Spore Crawler  
  42  6:14  Spore Crawler  
  42  6:15  Lair  
  41  6:20  Evolution Chamber  
  41  6:21  Evolution Chamber  
  35  6:29  Drone x3, Spore Crawler  
  35  6:30  Drone  
  37  6:36  Drone x2  
  38  6:44  Drone x3  
  41  6:52  Baneling Nest  
  40  6:55  Zerg Missile Weapons Level 1  
  40  7:02  Zerg Ground Armor Level 1  
  40  7:06  Drone  
  40  7:07  Drone  
  42  7:09  Drone  
  42  7:31  Glial Reconstitution  
  42  7:44  Spore Crawler  
  41  7:45  Drone  
  41  7:46  Drone x14  
  56  7:55  Spore Crawler  
  54  8:22  Roach x11  
  72  8:29  Roach  
  69  8:53  Roach  
  69  8:54  Roach x4  
  73  9:00  Queen  
  73  9:01  Hatchery  
  67  9:34  Overseer  
  67  9:35  Overseer  
Tags
 
Add a new tag
Caveats
  • Supply blocks, unpowered buildings, or Contaminate may cause inaccurate times.
  • Supply counts are checked every 10 seconds.